3AAA
GRYFINDOR BRAVES @ SIOUX FALLS RED PANDAS
08/11/2024
 
TOP OF THE 1ST
Gryfindor Braves batting - Pitching for Sioux Falls Red Pandas : RHP Ash Hardy
Pitching: RHP Ash Hardy
Batting: LHB Micheal Garren 0-0: Ball
1-0: Ball
2-0: Foul Ball, location: 2F
2-1: SINGLE (Line Drive, 78M)
Batting: LHB Dave Lee 0-0: Called Strike
0-1: Swinging Strike
0-2: Ball
1-2: Ball
2-2: Foul Ball, location: 2F
2-2: Strikes out swinging
Batting: RHB Turner Coleman 0-0: DOUBLE (Flyball, 78XD)
Micheal Garren to third
Batting: LHB Michael Smith 0-0: Swinging Strike
0-1: Ball
1-1: Fly out, F7 (Flyball, 7M)
Runner from 3rd tags up, SCORES, no throw
Batting: SHB Arturo Romero 0-0: Called Strike
0-1: Foul Ball, location: 2F
0-2: Ball
1-2: Hit by Pitch
Batting: LHB Jack Schmitt 0-0: Ball
1-0: Ball
2-0: Called Strike
2-1: Called Strike
2-2: SINGLE (Flyball, 8RS)
Turner Coleman to third
Arturo Romero to second
Runner from 3rd tries for Home, SAFE, no throw or cutoff
Batting: SHB Emílio Gonzáles 0-0: Ball
1-0: Ball
2-0: Ball
3-0: Base on Balls
Arturo Romero to third
Jack Schmitt to second
Batting: RHB Jim Unknown 0-0: Called Strike
0-1: Reached on error, E5 (Groundball, 5S)
Arturo Romero scores
Jack Schmitt to third
Emílio Gonzáles to second
Batting: RHB Jim Unknown 0-0: Foul Ball, location: 2F
0-1: Ball
1-1: Ball
2-1: Fly out, F8 (Flyball, 8LD)
Top of the 1st over - 3 run(s), 3 hit(s), 1 error(s), 3 left on base; Gryfindor 3 - Sioux Falls 0
BOTTOM OF THE 1ST
Sioux Falls Red Pandas batting - Pitching for Gryfindor Braves : RHP Sid Brown
Pitching: RHP Sid Brown
Batting: RHB Jorge Díaz 0-0: Fly out, F8 (Flyball, 8RM)
Batting: RHB Dale Carney 0-0: Ball
1-0: Foul Ball, location: 2F
1-1: DOUBLE (Line Drive, 7LS)
Batting: RHB Eduardo Sánchez 0-0: Foul Ball, location: 2F
0-1: Fly out, F9 (Popup, 4D)
Batting: RHB Jim Scott 0-0: Ball
1-0: DOUBLE (Flyball, 78D)
Dale Carney scores
Batting: LHB António González 0-0: Called Strike
0-1: Foul Ball, location: 2F
0-2: Ball
1-2: Ball
2-2: Ball
3-2: Ground out U3 (Groundball, 3S)
Bottom of the 1st over - 1 run(s), 2 hit(s), 0 error(s), 1 left on base; Gryfindor 3 - Sioux Falls 1
TOP OF THE 2ND
Gryfindor Braves batting - Pitching for Sioux Falls Red Pandas : RHP Ash Hardy
Batting: LHB Micheal Garren 0-0: Called Strike
0-1: Swinging Strike
0-2: Strikes out swinging
Batting: LHB Dave Lee 0-0: Called Strike
0-1: Ball
1-1: Fly out, F7 (Flyball, 78S)
Batting: RHB Turner Coleman 0-0: SINGLE (Line Drive, 7LM)
Batting: LHB Michael Smith 0-0: Ball
1-0: Called Strike
1-1: Called Strike
1-2: Strikes out swinging
Top of the 2nd over - 0 run(s), 1 hit(s), 0 error(s), 1 left on base; Gryfindor 3 - Sioux Falls 1
BOTTOM OF THE 2ND
Sioux Falls Red Pandas batting - Pitching for Gryfindor Braves : RHP Sid Brown
Batting: RHB Mario Piña 0-0: Ball
1-0: SINGLE (Groundball, 34)
Batting: LHB Steve Riggs 0-0: Fly out, F8 (Flyball, 8LXD)
Batting: SHB Tsing Guao 0-0: Called Strike
0-1: Ball
1-1: Ball
Wild Pitch!
Mario Piña to second
2-1: Ball
3-1: Base on Balls
Batting: RHB Jeremy Murphy 0-0: Ball
1-0: Ball
2-0: Called Strike
2-1: Ball
3-1: Base on Balls
Mario Piña to third
Tsing Guao to second
Batting: RHB Jorge Díaz 0-0: Ball
1-0: DOUBLE (Flyball, 8RM)
Mario Piña scores
Tsing Guao scores
Jeremy Murphy to third
Runner from 3rd tries for Home, SAFE, no throw or cutoff
Batting: RHB Dale Carney 0-0: SINGLE (Groundball, 34)
Jorge Díaz to third
Runner from 3rd tries for Home, throw and OUT!
Batting: RHB Eduardo Sánchez 0-0: Called Strike
0-1: Ball
1-1: SINGLE (Groundball, 5D)
Dale Carney to second
Batting: RHB Jim Scott 0-0: Ball
1-0: Ball
2-0: Ball
3-0: Called Strike
3-1: Foul Ball, location: 2F
3-2: Base on Balls
Dale Carney to third
Eduardo Sánchez to second
Batting: LHB António González 0-0: Ball
1-0: SINGLE (Line Drive, 9LS)
Dale Carney scores
Eduardo Sánchez to third
Jim Scott to second
Runner from 3rd tries for Home, SAFE, no throw or cutoff
Batting: RHB Mario Piña 0-0: Fly out, F3 (Line Drive, 34)
Bottom of the 2nd over - 5 run(s), 5 hit(s), 0 error(s), 2 left on base; Gryfindor 3 - Sioux Falls 6
TOP OF THE 3RD
Gryfindor Braves batting - Pitching for Sioux Falls Red Pandas : RHP Ash Hardy
Batting: SHB Arturo Romero 0-0: Called Strike
0-1: Ball
1-1: Foul Ball, location: 2F
1-2: Ball
2-2: Foul Ball, location: 2F
2-2: Foul Ball, location: 2F
2-2: Fly out, F8 (Flyball, 8RM)
Pitching: RHP Yusuke Saito
Batting: LHB Jack Schmitt 0-0: Ball
1-0: Ball
2-0: Ball
3-0: Called Strike
3-1: Foul Ball, location: 2F
3-2: Ground out 4-3 (Groundball, 4M)
Batting: SHB Emílio Gonzáles 0-0: Ball
1-0: Ball
2-0: Ball
3-0: Base on Balls
Batting: RHB Jim Unknown 0-0: Ball
Wild Pitch!
Emílio Gonzáles to second
1-0: Ball
2-0: Ball
3-0: Base on Balls
Batting: RHB Jim Unknown 0-0: Foul Ball, location: 2F
0-1: Ball
Wild Pitch!
Emílio Gonzáles to third
Jim Unknown to second
1-1: Ball
2-1: Foul Ball, location: 2F
2-2: SINGLE (Line Drive, 7LS)
Emílio Gonzáles scores
Jim Unknown to third
Batting: LHB Micheal Garren 0-0: Swinging Strike
0-1: Ball
1-1: Ball
2-1: Fly out, F8 (Flyball, 8RM)
Top of the 3rd over - 1 run(s), 1 hit(s), 0 error(s), 2 left on base; Gryfindor 4 - Sioux Falls 6
BOTTOM OF THE 3RD
Sioux Falls Red Pandas batting - Pitching for Gryfindor Braves : RHP Sid Brown
Batting: LHB Steve Riggs 0-0: Ball
1-0: Swinging Strike
1-1: Called Strike
1-2: Ground out 3-1 (Groundball, 34)
Batting: SHB Tsing Guao 0-0: Ball
1-0: Ball
2-0: Ball
3-0: Called Strike
3-1: Swinging Strike
3-2: Strikes out swinging
Batting: RHB Jeremy Murphy 0-0: SINGLE (Groundball, 34D)
Batting: RHB Jorge Díaz 0-0: Called Strike
0-1: Ball
1-1: Ball
2-1: Foul Ball, location: 2F
2-2: Fly out, F4 (Popup, 4D)
Bottom of the 3rd over - 0 run(s), 1 hit(s), 0 error(s), 1 left on base; Gryfindor 4 - Sioux Falls 6
TOP OF THE 4TH
Gryfindor Braves batting - Pitching for Sioux Falls Red Pandas : RHP Yusuke Saito
Batting: LHB Dave Lee 0-0: Called Strike
0-1: Ball
1-1: Fly out, F3 (Line Drive, 3)
Batting: RHB Turner Coleman 0-0: Ground out 5-3 (Groundball, 5L)
Batting: LHB Michael Smith 0-0: Ball
1-0: Foul Ball, location: 2F
1-1: Fly out, F7 (Flyball, 7M)
Top of the 4th over - 0 run(s), 0 hit(s), 0 error(s), 0 left on base; Gryfindor 4 - Sioux Falls 6
BOTTOM OF THE 4TH
Sioux Falls Red Pandas batting - Pitching for Gryfindor Braves : RHP Sid Brown
Pitching: RHP Juan Torres
Batting: RHB Dale Carney 0-0: Ball
1-0: Ball
2-0: Called Strike
2-1: Swinging Strike
2-2: Ball
3-2: Foul Ball, location: 2F
3-2: Base on Balls
Batting: RHB Eduardo Sánchez 0-0: Ball
1-0: Ball
2-0: Foul Ball, location: 2F
2-1: Foul Ball, location: 2F
2-2: Foul Ball, location: 2F
2-2: Foul Ball, location: 2F
2-2: Foul Ball, location: 2F
2-2: Ball
3-2: Base on Balls
Dale Carney to second
Batting: RHB Jim Scott 0-0: Called Strike
0-1: Foul Ball, location: 2F
0-2: Ball
1-2: Foul Ball, location: 2F
1-2: Reached on error, E5 (Groundball, 56)
Dale Carney to third
Eduardo Sánchez to second
Batting: LHB António González 0-0: Ball
1-0: Fly out, F8 (Flyball, 8LXD)
Runner from 3rd tags up, SCORES, no throw
Batting: RHB Mario Piña 0-0: Called Strike
0-1: Ball
1-1: Ball
2-1: Called Strike
2-2: Foul Ball, location: 2F
2-2: Foul Ball, location: 2F
2-2: Foul Ball, location: 2F
2-2: Foul Ball, location: 2F
2-2: Foul Ball, location: 2F
2-2: Fly out, F8 (Line Drive, 8RD)
Runner from 2nd tags up, SAFE at 3rd, no throw
Batting: LHB Steve Riggs 0-0: Ball
1-0: Called Strike
1-1: Foul Ball, location: 2F
1-2: SINGLE (Line Drive, 8RS)
Eduardo Sánchez scores
Jim Scott to second
Batting: SHB Tsing Guao 0-0: Called Strike
0-1: Ball
1-1: SINGLE (Line Drive, 6D)
Jim Scott to third
Steve Riggs to second
Batting: RHB Jeremy Murphy 0-0: Ball
1-0: Swinging Strike
1-1: SINGLE (Line Drive, 8LS)
Jim Scott scores
Steve Riggs to third
Tsing Guao to second
Runner from 3rd tries for Home, SAFE, no throw or cutoff
Batting: RHB Jorge Díaz 0-0: Called Strike
0-1: Ground out 6-3 (Groundball, 6)
Bottom of the 4th over - 4 run(s), 3 hit(s), 1 error(s), 2 left on base; Gryfindor 4 - Sioux Falls 10
TOP OF THE 5TH
Gryfindor Braves batting - Pitching for Sioux Falls Red Pandas : RHP Yusuke Saito
Batting: SHB Arturo Romero 0-0: Swinging Strike
0-1: Foul Ball, location: 2F
0-2: Ball
1-2: Ball
2-2: Ball
3-2: Foul Ball, location: 2F
3-2: Base on Balls
Batting: LHB Jack Schmitt 0-0: Ball
1-0: Ball
Wild Pitch!
Arturo Romero to second
2-0: Called Strike
2-1: Foul Ball, location: 2F
2-2: SINGLE (Groundball, 4MD)
Arturo Romero to third
Batting: SHB Emílio Gonzáles 0-0: SINGLE (Groundball, 4MD)
Arturo Romero scores
Jack Schmitt to second
Runner from 2nd tries for 3rd, SAFE, no throw or cutoff
Batting: RHB Jim Unknown 0-0: Grounds into double play, 4-6-3 (Groundball, 4)
Jack Schmitt scores
Pitching: LHP Rio Bavin
Batting: RHB Jim Unknown 0-0: Called Strike
0-1: Ball
1-1: Foul Ball, location: 2F
1-2: Ball
2-2: Foul Ball, location: 2F
2-2: Ball
3-2: Ground out 6-3 (Groundball, 6M)
Top of the 5th over - 2 run(s), 2 hit(s), 0 error(s), 0 left on base; Gryfindor 6 - Sioux Falls 10
BOTTOM OF THE 5TH
Sioux Falls Red Pandas batting - Pitching for Gryfindor Braves : RHP Juan Torres
Batting: RHB Dale Carney 0-0: Swinging Strike
0-1: Ball
1-1: Foul Ball, location: 2F
1-2: Ball
2-2: Ball
3-2: DOUBLE (Flyball, 78XD)
Batting: RHB Eduardo Sánchez 0-0: DOUBLE (Groundball, 5L)
Dale Carney scores
Pitching: LHP Dave Davis
Batting: RHB Jim Scott 0-0: Ball
1-0: Called Strike
1-1: Reached on Error, E6 (Popup, 6MD)
Eduardo Sánchez to third
Batting: LHB António González 0-0: Fly out, F1 (Line Drive, 13)
0-0: Lined into DP, 1-5 (Line Drive, 13)
Batting: RHB Mario Piña 0-0: DOUBLE (Line Drive, 89S)
Jim Scott to third
Runner from 3rd tries for Home, SAFE, no throw or cutoff
Batting: LHB Steve Riggs 0-0: Ball
1-0: DOUBLE (Line Drive, 89D)
Mario Piña scores
Batting: SHB Tsing Guao 0-0: Ball
1-0: Ball
2-0: Ball
3-0: Called Strike
3-1: Base on Balls
Batting: RHB Jeremy Murphy 0-0: Ball
1-0: Foul Ball, location: 2F
1-1: Ball
2-1: Foul Ball, location: 2F
2-2: Ball
3-2: Foul Ball, location: 2F
3-2: Base on Balls
Steve Riggs to third
Tsing Guao to second
Batting: RHB Jorge Díaz 0-0: Ground out 5-3 (Groundball, 5L)
Bottom of the 5th over - 3 run(s), 4 hit(s), 1 error(s), 3 left on base; Gryfindor 6 - Sioux Falls 13
TOP OF THE 6TH
Gryfindor Braves batting - Pitching for Sioux Falls Red Pandas : LHP Rio Bavin
Batting: LHB Micheal Garren 0-0: Ball
1-0: Ball
2-0: Ground out 6-3 (Groundball, 6MS)
Batting: LHB Dave Lee 0-0: Foul Ball, location: 2F
0-1: Ball
1-1: Foul Ball, location: 2F
1-2: Foul Ball, location: 2F
1-2: Foul Ball, location: 2F
1-2: Foul Ball, location: 2F
1-2: Strikes out swinging
Batting: RHB Turner Coleman 0-0: SINGLE (Line Drive, 56D)
Batting: LHB Michael Smith 0-0: Swinging Strike
0-1: Ball
1-1: Ball
2-1: Ball
3-1: Foul Ball, location: 2F
3-2: Foul Ball, location: 2F
3-2: SINGLE (Groundball, 4MD)
Turner Coleman to second
Turner Coleman to third
Batting: SHB Arturo Romero 0-0: Foul Ball, location: 2F
0-1: Foul Ball, location: 2F
0-2: Foul Ball, location: 2F
0-2: Ball
1-2: Ball
2-2: Ground out 1-3 (Groundball, 13S)
Top of the 6th over - 0 run(s), 2 hit(s), 0 error(s), 2 left on base; Gryfindor 6 - Sioux Falls 13
BOTTOM OF THE 6TH
Sioux Falls Red Pandas batting - Pitching for Gryfindor Braves : LHP Dave Davis
Batting: RHB Dale Carney 0-0: Ball
1-0: Ball
2-0: Called Strike
2-1: Called Strike
2-2: Ground out 6-3 (Groundball, 6M)
Batting: RHB Eduardo Sánchez 0-0: Ball
1-0: Called Strike
1-1: Foul Ball, location: 2F
1-2: Ball
2-2: Ball
3-2: Foul Ball, location: 2F
3-2: Base on Balls
Batting: RHB Jim Scott 0-0: Swinging Strike
0-1: DOUBLE (Flyball, 7D)
Eduardo Sánchez to third
Runner from 3rd tries for Home, SAFE, throw made home
Batting: LHB António González 0-0: Ball
1-0: Ball
2-0: Called Strike
2-1: DOUBLE (Line Drive, 3L)
Jim Scott scores
Pitching: LHP Lúcio Benítez
Batting: RHB Mario Piña 0-0: Ball
1-0: Ball
2-0: Swinging Strike
2-1: Ball
3-1: Fly out, F7 (Flyball, 7D)
Runner from 2nd tags up, SAFE at 3rd, no throw
Batting: LHB Steve Riggs 0-0: Called Strike
0-1: Ball
1-1: Ground out 4-3 (Groundball, 13)
Bottom of the 6th over - 2 run(s), 2 hit(s), 0 error(s), 1 left on base; Gryfindor 6 - Sioux Falls 15
TOP OF THE 7TH
Gryfindor Braves batting - Pitching for Sioux Falls Red Pandas : LHP Rio Bavin
Batting: LHB Jack Schmitt 0-0: Called Strike
0-1: Ball
1-1: Ball
2-1: Fly out, F2 (Popup, 2RF)
Batting: SHB Emílio Gonzáles 0-0: Called Strike
0-1: Swinging Strike
0-2: Foul Ball, location: 2F
0-2: Ball
1-2: Ball
2-2: Strikes out swinging
Batting: RHB Jim Unknown 0-0: Ball
1-0: Ground out 6-3 (Groundball, 6)
Top of the 7th over - 0 run(s), 0 hit(s), 0 error(s), 0 left on base; Gryfindor 6 - Sioux Falls 15
BOTTOM OF THE 7TH
Sioux Falls Red Pandas batting - Pitching for Gryfindor Braves : LHP Lúcio Benítez
Batting: SHB Tsing Guao 0-0: Foul Ball, location: 2F
0-1: SINGLE (Line Drive, 56)
Batting: RHB Jeremy Murphy 0-0: Called Strike
0-1: Called Strike
0-2: Ball
1-2: Ball
2-2: Ball
3-2: Grounds into double play, U6-3 (Groundball, 6M)
Batting: RHB Jorge Díaz 0-0: Ground out 6-3 (Groundball, 6)
Bottom of the 7th over - 0 run(s), 1 hit(s), 0 error(s), 0 left on base; Gryfindor 6 - Sioux Falls 15
TOP OF THE 8TH
Gryfindor Braves batting - Pitching for Sioux Falls Red Pandas : LHP Rio Bavin
Pitching: RHP Jim Unknown
Now in RF: David Morales
Pinch Hitting: LHB Jim Unknown 0-0: Called Strike
0-1: Swinging Strike
0-2: Ball
1-2: Ball
2-2: Ground out 4-3 (Groundball, 4)
Batting: LHB Micheal Garren 0-0: Ball
1-0: Ball
2-0: Ball
3-0: Base on Balls
Batting: LHB Dave Lee 0-0: Ball
1-0: Ball
2-0: Called Strike
2-1: Ball
3-1: Foul Ball, location: 2F
3-2: Foul Ball, location: 2F
3-2: Strikes out swinging
Micheal Garren is caught stealing 2nd base
Batter strikes out.
Top of the 8th over - 0 run(s), 0 hit(s), 0 error(s), 0 left on base; Gryfindor 6 - Sioux Falls 15
BOTTOM OF THE 8TH
Sioux Falls Red Pandas batting - Pitching for Gryfindor Braves : LHP Lúcio Benítez
Now at 3B: Jim Unknown
Batting: RHB Dale Carney 0-0: Foul Ball, location: 2F
0-1: Foul Ball, location: 2F
0-2: Strikes out looking
Batting: RHB Eduardo Sánchez 0-0: Called Strike
0-1: Swinging Strike
0-2: Foul Ball, location: 2F
0-2: Foul Ball, location: 2F
0-2: Ball
1-2: Fly out, F1 (Popup, 23)
Batting: RHB Jim Scott 0-0: Called Strike
0-1: Ball
1-1: Swinging Strike
1-2: Foul Ball, location: 2F
1-2: Strikes out looking
Bottom of the 8th over - 0 run(s), 0 hit(s), 0 error(s), 0 left on base; Gryfindor 6 - Sioux Falls 15
TOP OF THE 9TH
Gryfindor Braves batting - Pitching for Sioux Falls Red Pandas : RHP Jim Unknown
Now at 1B: Carroll Kline
Batting: RHB Turner Coleman 0-0: Ball
1-0: Called Strike
1-1: Foul Ball, location: 2F
1-2: Ball
2-2: Ball
3-2: Foul Ball, location: 2F
3-2: Foul Ball, location: 2F
3-2: Strikes out looking
Batting: LHB Michael Smith 0-0: Ground out 6-3 (Groundball, 6)
Batting: SHB Arturo Romero 0-0: Swinging Strike
0-1: Ball
1-1: Called Strike
1-2: Foul Ball, location: 2F
1-2: Fly out, F9 (Line Drive, 89D)
Top of the 9th over - 0 run(s), 0 hit(s), 0 error(s), 0 left on base; Gryfindor 6 - Sioux Falls 15
This league is powered by Out of the Park Baseball, the baseball management simulation game for PC, Mac and Linux
Monday, October 3rd, 2016 - OOTP Baseball 16.9 Build 39